PL
BOSTON PATRIOTS @ VANCOUVER GREY WOLVES
05/09/2034
 
TOP OF THE 1ST
Boston Patriots batting - Pitching for Vancouver Grey Wolves : RHP Ray Skipworth
Pitching: RHP Ray Skipworth
Batting: RHB Roland Deschain 0-0: Swinging Strike
0-1: Ball
1-1: Foul Ball, location: 2F
1-2: Strikes out swinging
Batting: LHB Stanley Belote 0-0: Ball
1-0: Ball
2-0: Foul Ball, location: 2F
2-1: Foul Ball, location: 2F
2-2: Fly out, F9 (Flyball, 9LM)
Batting: LHB Adrián Gómez 0-0: SINGLE (Line Drive, 6D)
Batting: LHB Jorge Alejándrez 0-0: Ball
Wild Pitch!
Adrián Gómez to second
1-0: Ball
2-0: Ball
3-0: Base on Balls
Batting: RHB Kantaro Taniguchi 0-0: Ball
1-0: Called Strike
1-1: Fly out, F5 (Line Drive, 56)
Top of the 1st over - 0 runs, 1 hit, 0 errors, 2 left on base; Boston 0 - Vancouver 0
BOTTOM OF THE 1ST
Vancouver Grey Wolves batting - Pitching for Boston Patriots : RHP Manuel Sánchez
Pitching: RHP Manuel Sánchez
Batting: RHB Urs van Munster 0-0: Fly out, F9 (Flyball, 89D)
Batting: LHB Preston Witt 0-0: Ball
1-0: Ball
2-0: Ball
3-0: Called Strike
3-1: Base on Balls
Batting: LHB Michael Malloy 0-0: Ball
1-0: Ball
2-0: Called Strike
2-1: Ball
3-1: Base on Balls
Preston Witt to second
Batting: RHB Hugh Mungus 0-0: Ball
1-0: Foul Ball, location: 2F
1-1: Ground out 6-3 (Groundball, 6S)
Preston Witt to third
Michael Malloy to second
Batting: LHB Johan Kroening 0-0: Ball
1-0: SINGLE (Flyball, 7S)
Preston Witt scores
Michael Malloy to third
Runner from 3rd tries for Home, SAFE, no throw
Batting: RHB Iván Vega 0-0: Ball
1-0: Called Strike
1-1: Ball
2-1: Swinging Strike
2-2: Ball
3-2: Foul Ball, location: 2F
3-2: Foul Ball, location: 2F
3-2: Strikes out swinging
Bottom of the 1st over - 2 runs, 1 hit, 0 errors, 1 left on base; Boston 0 - Vancouver 2
TOP OF THE 2ND
Boston Patriots batting - Pitching for Vancouver Grey Wolves : RHP Ray Skipworth
Batting: LHB Manuel Carmona 0-0: Fly out, F4 (Line Drive, 4)
Batting: LHB Juan Alvarado 0-0: Called Strike
0-1: Ground out 4-3 (Groundball, 4)
Batting: RHB Bartolo Morales 0-0: Foul Ball, location: 2F
0-1: Foul Ball, location: 2F
0-2: Ground out 6-3 (Groundball, 6)
Top of the 2nd over - 0 runs, 0 hits, 0 errors, 0 left on base; Boston 0 - Vancouver 2
BOTTOM OF THE 2ND
Vancouver Grey Wolves batting - Pitching for Boston Patriots : RHP Manuel Sánchez
Batting: RHB José Jarca 0-0: Ball
1-0: Called Strike
1-1: Foul Ball, location: 2F
1-2: Ball
2-2: Foul Ball, location: 2F
2-2: Strikes out looking
Batting: RHB Ángelo Delgado 0-0: Ball
1-0: Ball
2-0: Ball
3-0: Called Strike
3-1: Swinging Strike
3-2: DOUBLE (Flyball, 7LD)
Batting: RHB Dhyana Snigdha 0-0: Ground out 4-3 (Groundball, 4)
Ángelo Delgado to third
Batting: RHB Urs van Munster 0-0: Foul Ball, location: 2F
0-1: Swinging Strike
0-2: Ball
1-2: Ball
2-2: Ball
3-2: Foul Ball, location: 2F
3-2: Foul Ball, location: 2F
3-2: Base on Balls
Batting: LHB Preston Witt 0-0: Ball
1-0: Foul Ball, location: 2F
1-1: Ball
2-1: Fly out, F8 (Flyball, 78XD)
Bottom of the 2nd over - 0 runs, 1 hit, 0 errors, 2 left on base; Boston 0 - Vancouver 2
TOP OF THE 3RD
Boston Patriots batting - Pitching for Vancouver Grey Wolves : RHP Ray Skipworth
Batting: RHB Stanley van de Ven 0-0: Called Strike
0-1: Ball
1-1: Ball
2-1: Called Strike
2-2: Ball
3-2: Base on Balls
Batting: RHB Roland Deschain 0-0: Foul Ball, location: 2F
0-1: SINGLE (Line Drive, 6)
Stanley van de Ven to second
Batting: LHB Stanley Belote 0-0: Called Strike
0-1: Called Strike
0-2: Ball
1-2: Ball
2-2: Foul Ball, location: 2F
2-2: Foul Ball, location: 2F
2-2: Foul Ball, location: 2F
2-2: Foul Ball, location: 2F
2-2: Strikes out swinging
Batting: LHB Adrián Gómez 0-0: SINGLE (Groundball, 56D)
Stanley van de Ven to third
Roland Deschain to second
Runner from 3rd tries for Home, SAFE, no throw
Batting: LHB Jorge Alejándrez 0-0: Ball
Roland Deschain steals 3rd base
1-0: Swinging Strike
1-1: Ball
2-1: 3-RUN HOME RUN (Flyball, 9D), Distance : 354 ft
Batting: RHB Kantaro Taniguchi 0-0: Ball
1-0: Swinging Strike
1-1: Ball
2-1: Called Strike
2-2: Strikes out swinging
Batting: LHB Manuel Carmona 0-0: Called Strike
0-1: Ball
1-1: Called Strike
1-2: Ground out 6-3 (Groundball, 6M)
Top of the 3rd over - 4 runs, 3 hits, 0 errors, 0 left on base; Boston 4 - Vancouver 2
BOTTOM OF THE 3RD
Vancouver Grey Wolves batting - Pitching for Boston Patriots : RHP Manuel Sánchez
Batting: LHB Michael Malloy 0-0: Foul Ball, location: 2F
0-1: Ground out U3 (Groundball, 23)
Batting: RHB Hugh Mungus 0-0: Swinging Strike
0-1: Ground out 6-3 (Groundball, 6)
Batting: LHB Johan Kroening 0-0: Swinging Strike
0-1: Ball
1-1: Foul Ball, location: 2F
1-2: Ball
2-2: Ball
3-2: Strikes out swinging
Bottom of the 3rd over - 0 runs, 0 hits, 0 errors, 0 left on base; Boston 4 - Vancouver 2
TOP OF THE 4TH
Boston Patriots batting - Pitching for Vancouver Grey Wolves : RHP Ray Skipworth
Batting: LHB Juan Alvarado 0-0: Ball
1-0: Ball
2-0: Ground out 4-3 (Groundball, 4)
Batting: RHB Bartolo Morales 0-0: Ball
1-0: Fly out, F6 (Line Drive, 6)
Batting: RHB Stanley van de Ven 0-0: Foul Ball, location: 2F
0-1: Ball
1-1: Ball
2-1: Swinging Strike
2-2: Foul Ball, location: 2F
2-2: Ball
3-2: SINGLE (Line Drive, 78S)
Batting: RHB Roland Deschain 0-0: Ball
1-0: Foul Ball, location: 2F
1-1: Fly out, F2 (Popup, 5SF)
Top of the 4th over - 0 runs, 1 hit, 0 errors, 1 left on base; Boston 4 - Vancouver 2
BOTTOM OF THE 4TH
Vancouver Grey Wolves batting - Pitching for Boston Patriots : RHP Manuel Sánchez
Batting: RHB Iván Vega 0-0: Ball
1-0: Called Strike
1-1: Swinging Strike
1-2: Strikes out swinging
Batting: RHB José Jarca 0-0: Called Strike
0-1: Ball
1-1: Called Strike
1-2: Foul Ball, location: 2F
1-2: Strikes out swinging
Batting: RHB Ángelo Delgado 0-0: Ball
1-0: SINGLE (Groundball, 3D)
Batting: RHB Dhyana Snigdha 0-0: Fly out, F4 (Line Drive, 4)
Bottom of the 4th over - 0 runs, 1 hit, 0 errors, 1 left on base; Boston 4 - Vancouver 2
TOP OF THE 5TH
Boston Patriots batting - Pitching for Vancouver Grey Wolves : RHP Ray Skipworth
Batting: LHB Stanley Belote 0-0: Ball
1-0: SINGLE (Line Drive, 8RS)
Batting: LHB Adrián Gómez 0-0: Ball
1-0: Called Strike
1-1: Ball
2-1: Called Strike
2-2: Grounds into double play, 6-4-3 (Groundball, 6)
Batting: LHB Jorge Alejándrez 0-0: Ground out 1-4-3 (Groundball, 15S)
Top of the 5th over - 0 runs, 1 hit, 0 errors, 0 left on base; Boston 4 - Vancouver 2
BOTTOM OF THE 5TH
Vancouver Grey Wolves batting - Pitching for Boston Patriots : RHP Manuel Sánchez
Batting: RHB Urs van Munster 0-0: Called Strike
0-1: Fly out, F9 (Flyball, 9LM)
Batting: LHB Preston Witt 0-0: Ball
1-0: Swinging Strike
1-1: Foul Ball, location: 2F
1-2: Strikes out swinging
Batting: LHB Michael Malloy 0-0: Called Strike
0-1: Ball
1-1: Ball
2-1: Foul Ball, location: 2F
2-2: DOUBLE (Groundball, 3L)
Batting: RHB Hugh Mungus 0-0: Ball
1-0: Ball
2-0: Ball
3-0: Base on Balls
Batting: LHB Johan Kroening 0-0: Foul Ball, location: 2F
0-1: Called Strike
0-2: Strikes out swinging
Bottom of the 5th over - 0 runs, 1 hit, 0 errors, 2 left on base; Boston 4 - Vancouver 2
TOP OF THE 6TH
Boston Patriots batting - Pitching for Vancouver Grey Wolves : RHP Ray Skipworth
Batting: RHB Kantaro Taniguchi 0-0: Ball
1-0: Ball
2-0: Fly out, F4 (Line Drive, 6MD)
Batting: LHB Manuel Carmona 0-0: Called Strike
0-1: Foul Ball, location: 2F
0-2: Ground out U3 (Groundball, 3)
Batting: LHB Juan Alvarado 0-0: Called Strike
0-1: Fly out, F5 (Popup, 6)
Top of the 6th over - 0 runs, 0 hits, 0 errors, 0 left on base; Boston 4 - Vancouver 2
BOTTOM OF THE 6TH
Vancouver Grey Wolves batting - Pitching for Boston Patriots : RHP Manuel Sánchez
Batting: RHB Iván Vega 0-0: Swinging Strike
0-1: Foul Ball, location: 2F
0-2: SOLO HOME RUN (Flyball, 78XD), Distance : 396 ft
Batting: RHB José Jarca 0-0: Ball
1-0: Swinging Strike
1-1: Foul Ball, location: 2F
1-2: Ball
2-2: Strikes out swinging
Pitching: RHP Rick Converse
Batting: RHB Ángelo Delgado 0-0: Ball
1-0: Ball
2-0: Ball
3-0: Base on Balls
Batting: RHB Dhyana Snigdha 0-0: Ball
1-0: Called Strike
1-1: Foul Ball, location: 2F
1-2: Foul Ball, location: 2F
1-2: Ball
2-2: Strikes out swinging
Batting: RHB Urs van Munster 0-0: Called Strike
0-1: Ball
1-1: Ball
2-1: Ball
3-1: Fly out, F1 (Line Drive, 13)
Bottom of the 6th over - 1 run, 1 hit, 0 errors, 1 left on base; Boston 4 - Vancouver 3
TOP OF THE 7TH
Boston Patriots batting - Pitching for Vancouver Grey Wolves : RHP Ray Skipworth
Batting: RHB Bartolo Morales 0-0: Ground out 6-3 (Groundball, 6)
Batting: RHB Stanley van de Ven 0-0: Ball
1-0: Foul Ball, location: 2F
1-1: Ball
2-1: SINGLE (Groundball, 6MD)
Batting: RHB Roland Deschain 0-0: Ball
1-0: Ball
2-0: Foul Ball, location: 2F
2-1: Ground out 5-3 (Groundball, 5L)
Stanley van de Ven to second
Pitching: LHP Ramón Costello
Batting: LHB Stanley Belote 0-0: Ball
1-0: Ball
2-0: Called Strike
2-1: Foul Ball, location: 2F
2-2: Fly out, F8 (Flyball, 8LM)
Top of the 7th over - 0 runs, 1 hit, 0 errors, 1 left on base; Boston 4 - Vancouver 3
BOTTOM OF THE 7TH
Vancouver Grey Wolves batting - Pitching for Boston Patriots : RHP Rick Converse
Batting: LHB Preston Witt 0-0: Fly out, F9 (Flyball, 9LSF)
Batting: LHB Michael Malloy 0-0: Ball
1-0: Foul Ball, location: 2F
1-1: Called Strike
1-2: Ball
2-2: Ball
3-2: Ground out U3 (Groundball, 3)
Batting: RHB Hugh Mungus 0-0: Fly out, F7 (Flyball, 7LSF)
Bottom of the 7th over - 0 runs, 0 hits, 0 errors, 0 left on base; Boston 4 - Vancouver 3
TOP OF THE 8TH
Boston Patriots batting - Pitching for Vancouver Grey Wolves : LHP Ramón Costello
Pitching: LHP Sjaak Bonne
Batting: LHB Adrián Gómez 0-0: Ball
1-0: Ball
2-0: Ball
3-0: Swinging Strike
3-1: Swinging Strike
3-2: Strikes out swinging
Batting: LHB Jorge Alejándrez 0-0: Ball
1-0: Foul Ball, location: 2F
1-1: Fly out, F9 (Flyball, 9S)
Batting: RHB Kantaro Taniguchi 0-0: Foul Ball, location: 2F
0-1: Swinging Strike
0-2: Ball
1-2: Strikes out looking
Top of the 8th over - 0 runs, 0 hits, 0 errors, 0 left on base; Boston 4 - Vancouver 3
BOTTOM OF THE 8TH
Vancouver Grey Wolves batting - Pitching for Boston Patriots : RHP Rick Converse
Pitching: LHP Piotr Oja
Batting: LHB Johan Kroening 0-0: Ball
1-0: Called Strike
1-1: Foul Ball, location: 2F
1-2: Strikes out looking
Batting: RHB Iván Vega 0-0: Called Strike
0-1: Ball
1-1: Ball
2-1: Foul Ball, location: 2F
2-2: Strikes out looking
Pitching: RHP Armando Garay
Batting: RHB José Jarca 0-0: Called Strike
0-1: Foul Ball, location: 2F
0-2: Ball
1-2: SINGLE (Flyball, 7S)
Batting: RHB Ángelo Delgado 0-0: Ball
José Jarca steals 2nd base
1-0: Ball
2-0: Ball
3-0: Called Strike
3-1: Base on Balls
Batting: RHB Dhyana Snigdha 0-0: Ball
1-0: Fly out, F9 (Flyball, 9S)
Bottom of the 8th over - 0 runs, 1 hit, 0 errors, 2 left on base; Boston 4 - Vancouver 3
TOP OF THE 9TH
Boston Patriots batting - Pitching for Vancouver Grey Wolves : LHP Sjaak Bonne
Batting: LHB Manuel Carmona 0-0: Foul Ball, location: 2F
0-1: Swinging Strike
0-2: Ball
1-2: Strikes out swinging
Batting: LHB Juan Alvarado 0-0: Ball
1-0: Ground out 4-3 (Groundball, 4)
Pitching: RHP Edgardo Nava
Batting: RHB Bartolo Morales 0-0: SINGLE (Groundball, 56D)
Batting: RHB Stanley van de Ven 0-0: Ball
1-0: Swinging Strike
1-1: Foul Ball, location: 2F
1-2: Strikes out swinging
Top of the 9th over - 0 runs, 1 hit, 0 errors, 1 left on base; Boston 4 - Vancouver 3
BOTTOM OF THE 9TH
Vancouver Grey Wolves batting - Pitching for Boston Patriots : RHP Armando Garay
Batting: RHB Urs van Munster 0-0: Ball
1-0: Ball
2-0: Ground out 5-3 (Groundball, 56)
Batting: LHB Preston Witt 0-0: Called Strike
0-1: Ball
1-1: Ground out 4-3 (Groundball, 4D)
Batting: LHB Michael Malloy 0-0: Fly out, F2 (Popup, 2R)
Bottom of the 9th over - 0 runs, 0 hits, 0 errors, 0 left on base; Boston 4 - Vancouver 3
Friday, March 29th, 2019 - OOTP Baseball 18.8 Build 76